 Dungeon Crawl Stone Soup version 0.30-a0-12-gd8047c6341 (webtiles) character file.

Game seed: 15252507105891934923

491 ytrimaz the Insei (level 6, -5/48 HPs)
             Began as a Demonspawn Monk on Aug 23, 2022.
             Slain by a killer bee (8 damage)
             ... on level 4 of the Dungeon.
             The game lasted 00:04:09 (3974 turns).

ytrimaz the Insei (Demonspawn Monk)                 Turns: 3974, Time: 00:04:11

Health: -5/48      AC:  4    Str: 12    XL:     6   Next: 91%
Magic:  6/6        EV: 14    Int: 13    God:
Gold:   148        SH:  0    Dex: 15    Spells: 5/5 levels left

rFire   . . .      SeeInvis .      - Unarmed
rCold   . . .      Faith    .    (no shield)
rNeg    . . .      Spirit   .    a - +0 robe
rPois   .          Reflect  .    (no helmet)
rElec   .          Harm     .    (no cloak)
rCorr   .          Rampage  .    (no gloves)
Will    .....                    (no boots)
Stlth   ++........               (no amulet)
HPRegen 0.16/turn                (no ring)
MPRegen 0.10/turn                (no ring)

@: mighty, lethally poisoned (-5 -> -13)
A: thin metallic scales 1, ignite blood 1, spiny 1
a: no special abilities


You were on level 4 of the Dungeon.
You visited 1 branch of the dungeon, and saw 4 of its levels.

You collected 148 gold pieces.

Inventory:

Armour
 a - a +0 robe (worn)
Wands
 i - a wand of flame (12)
Scrolls
 g - a scroll of silence
Potions
 b - 2 potions of ambrosia
 c - a potion of might
 d - a potion of heal wounds {unknown}
 e - 2 potions of cancellation {unknown}
 f - a potion of invisibility {unknown}
 h - 3 potions of brilliance {unknown}
 j - a potion of haste {unknown}
 k - 2 potions of curing {unknown}
 m - a potion of resistance {unknown}


   Skills:
 + Level 4.0 Fighting
 + Level 4.4 Dodging
 - Level 1.7 Stealth
 + Level 5.7 Unarmed Combat


You had 5 spell levels left.
You didn't know any spells.
Your spell library was empty.

Dungeon Overview and Level Annotations

Branches:
Dungeon (4/15)
 Temple: D:4-7

Altars:
Uskayaw


Innate Abilities, Weirdness & Mutations

You are partially covered in thin metallic scales. (AC +2)
Your demonic aura sometimes causes spilled blood to erupt in flames.
You are partially covered in sharp spines.


Message History

You are too injured to fight recklessly!
You closely miss the killer bee.
The killer bee is severely wounded.
The killer bee barely misses you.
The killer bee is struck by your spines.
The killer bee completely misses you. The gnoll closely misses you.
You barely miss the killer bee.
The killer bee is severely wounded.
The killer bee misses you. x2
The gnoll hits you from afar with a +0 halberd.
* * * LOW HITPOINT WARNING * * *
You barely miss the killer bee.
The killer bee is severely wounded.
The killer bee barely misses you.
The killer bee is struck by your spines.
You kill the killer bee!
The gnoll hits you from afar with a +0 halberd.
* * * LOW HITPOINT WARNING * * *
Your Fighting skill increases to level 4!
The gnoll barely misses you.
Things that are here:
a killer bee corpse; a killer bee corpse; a killer bee corpse You punch the gnoll!
The gnoll is heavily wounded.
The gnoll is engulfed in blazing flames.
You kill the gnoll!
Unknown command.
The killer bee is struck by your spines.
The killer bee stings you.
* * * LOW HITPOINT WARNING * * *
You are poisoned.
The killer bee poisons you! The killer bee stings you.
* * * LOW HITPOINT WARNING * * *
You hit the killer bee.
The killer bee is heavily wounded.
* * * LOW HITPOINT WARNING * * *
You feel very sick.
The killer bee is struck by your spines.
The killer bee stings you!
You die...

#.# #.# #.#
#.# #.# #.#
#.# #g# #.#
#y# #.# #)#
#.# #†#
#.##########g#
#.......@y...#
##############


You could see a killer bee and a gnoll.

Vanquished Creatures
  A necrophage (D:4)
  4 killer bees (D:4)
  A jelly (D:3)
  An iguana (D:4)
  Natasha (twice) (D:2)
  A gnoll (D:4)
  8 adders
  A dart slug (D:2)
  An orc (D:3)
  6 endoplasms
  A giant cockroach (D:1)
  5 hobgoblins
  11 kobolds
  3 quokkas
  11 ball pythons
  4 bats
  A frilled lizard (D:3)
  5 goblins
  3 rats
70 creatures vanquished.

Notes
Turn   | Place    | Note
-------+----------+-------------------------------------------
     0 | D:1      | ytrimaz the Demonspawn Monk began the quest for the Orb.
     0 | D:1      | Reached XP level 1. HP: 18/18 MP: 1/1
   262 | D:1      | Gained mutation: You are partially covered in sharp spines.
                  | [demonic ancestry]
   262 | D:1      | Reached XP level 2. HP: 22/24 MP: 2/2
   315 | D:1      | Found a faded altar of an unknown god.
   581 | D:1      | Reached skill level 3 in Unarmed Combat
  1201 | D:2      | Reached XP level 3. HP: 29/29 MP: 3/3
  1982 | D:2      | Noticed Natasha
  1993 | D:2      | Killed Natasha
  1994 | D:2      | Gained mutation: Your demonic aura sometimes causes spilled
                  | blood to erupt in flames. [demonic ancestry]
  1994 | D:2      | Reached XP level 4. HP: 22/35 MP: 4/4
  2311 | D:2      | Noticed Natasha
  2313 | D:2      | Killed Natasha
  2492 | D:3      | Reached skill level 4 in Unarmed Combat
  2584 | D:3      | Gained mutation: You are partially covered in thin metallic
                  | scales. (AC +2) [demonic ancestry]
  2584 | D:3      | Reached XP level 5. HP: 24/42 MP: 5/5
  3313 | D:4      | Found a hide-covered altar of Uskayaw.
  3567 | D:4      | Reached XP level 6. HP: 40/48 MP: 6/6
  3714 | D:4      | Reached skill level 5 in Unarmed Combat
  3974 | D:4      | Slain by a killer bee

Illustrated notes

Levels and vault maps discovered:
D:1:      co_arrival_random_square_maze, layout_basic,
          dreamdust_ecumenical_altar_angels_and_demons
D:2:      layout_loops_ring, uniq_natasha
D:3:      layout_basic
D:4:      layout_basic, mainiacjoe_overflow_catwalk

Skill      XL: |  1  2  3  4  5  6 |
---------------+-------------------+-----
Unarmed Combat | 3 4 5 |  5.7
Dodging        | 3 4 |  4.4
Fighting       | 4 |  4.0
Stealth        | |  1.7

Action                   |  1- 3 |  4- 6 || total
-------------------------+-------+-------++-------
Melee: Unarmed           |    76 |    85 ||   161
       Punch             |     1 |     5 ||     6
  Use: Scroll            |     3 |     4 ||     7
       Potion            |       |     1 ||     1
 Stab: Sleeping          |     4 |     3 ||     7
Armor: Robe              |     7 |     7 ||    14
Dodge: Dodged            |    42 |    58 ||   100

Table legend: (Time is in decaauts)
 A = Elapsed time spent in this place.
 B = Non-inter-level travel time spent in this place.
 C = Inter-level travel time spent in this place.
 D = Time resting spent in this place.
 E = Time spent auto-exploring this place.
 F = Levels seen in this place.
 G = Mean time per level.
                   A        B        C        D        E       F      G
               +--------+--------+--------+--------+--------+-----+--------+
         Total |   3961 |   3917 |     44 |    100 |   3311 |   4 |  990.2 |
       Dungeon |   3961 |   3917 |     44 |    100 |   3311 |   4 |  990.2 |
               +--------+--------+--------+--------+--------+-----+--------+

Top non-repeatable levels by time:
     D:2: 1328 daAuts
     D:1: 1120 daAuts
     D:4: 766 daAuts
     D:3: 746 daAuts
